AoeStats
← Barbarianu

Fortress

508918792Analyzed
3v3 RM · 8d ago on Sep 24, 2026· 43m 18s· 6 players
Game mode
Random Map
Map size
Large (8 player)
Population
200
Speed
Normal
Resources
Standard
Victory
Conquest
Starting age
Dark Age
Ending age
Imperial Age
RankedLock teamsTeams togetherTeam positionsShared explorationLock speedFull tech treeHidden civsTurbo modeCheats
Victory
Defeat
🇭🇰 Danes · Hong Kong SAR China
1163
+14
🇭🇰 Mongols · Hong Kong SAR China
1157
+14
🇭🇰 Spanish · Hong Kong SAR China
1130
+14
🇹🇷 Huns · Türkiye
1138
-15
🇷🇴 Britons · Romania
1110
-14
🇲🇽 Mongols · Mexico
1089
-13
Barbarianu
7:07 Feudal Age
7:42 Double-Bit Axe
7:53 Gold Mining
8:12 Horse Collar
14:24 Castle Age
13:44 Fletching
15:26 Bow Saw
15:21 Stone Mining
15:33 Pikeman
17:40 Padded Archer Armor
18:37 Squires
19:04 Scale Mail Armor
20:33 Loom
26:16 Imperial Age
27:14 Bodkin Arrow
33:04 Bracer
Mario
0:53 Loom
7:58 Feudal Age
8:40 Double-Bit Axe
13:19 Castle Age
11:22 Horse Collar
12:41 Stone Mining
14:39 Wheelbarrow
16:29 Bow Saw
19:42 Heavy Plow
21:15 Fletching
24:23 Bodkin Arrow
25:40 Hand Cart
29:55 Ballistics
29:41 Padded Archer Armor
31:03 Gold Mining
35:08 Imperial Age
32:58 Town Watch
34:59 Leather Archer Armor
35:04 Bloodlines
34:55 Husbandry
36:40 Elite Mangudai
37:48 Bracer
38:59 Conscription
40:30 Chemistry
ChuckMawHinneyS
1:47 Loom
7:39 Feudal Age
12:07 Castle Age
11:10 Horse Collar
11:20 Double-Bit Axe
13:12 Bow Saw
15:59 Wheelbarrow
16:53 Gold Mining
16:55 Stone Mining
19:38 Hand Cart
26:55 Imperial Age
25:24 Scale Barding Armor
25:46 Husbandry
26:30 Forging
26:23 Town Watch
27:21 Chain Barding Armor
28:03 Iron Casting
29:17 Gold Shaft Mining
29:12 Conscription
29:23 Atheism
29:57 Plate Barding Armor
31:05 Blast Furnace
30:28 Bloodlines
30:33 Marauders
32:27 Two-Man Saw
32:34 Elite Skirmisher
33:07 Light Cavalry
33:22 Elite Tarkan
35:40 Fletching
35:50 Padded Archer Armor
RicMyName
7:26 Feudal Age
9:07 Double-Bit Axe
11:33 Castle Age
9:21 Horse Collar
11:19 Loom
12:47 Bow Saw
15:33 Scale Mail Armor
16:49 Town Watch
18:12 Wheelbarrow
18:04 Arson
20:24 Squires
23:11 Chain Mail Armor
25:50 Forging
29:51 Imperial Age
29:16 Iron Casting
30:19 Heavy Plow
30:11 Gold Mining
30:12 Stone Mining
29:56 Elite Jomsviking
31:10 Plate Mail Armor
31:44 Caravan
34:13 Blast Furnace
36:15 Conscription
39:25 Hamask
hin
4:18 Loom
6:43 Feudal Age
11:14 Castle Age
10:01 Double-Bit Axe
10:52 Bloodlines
10:55 Horse Collar
14:08 Fletching
17:51 Bodkin Arrow
20:04 Padded Archer Armor
22:15 Heavy Plow
24:50 Leather Archer Armor
25:06 Bow Saw
26:43 Gold Mining
26:44 Stone Mining
28:42 Caravan
32:48 Imperial Age
30:55 Wheelbarrow
31:29 Husbandry
31:24 Town Watch
35:17 Chemistry
34:28 Masonry
34:35 Elite Conquistador
38:28 Bracer
38:59 Ring Archer Armor
40:45 Architecture
40:12 Murder Holes
44:05 Ballistics
Ncall
7:33 Feudal Age
11:41 Castle Age
10:09 Stone Mining
10:07 Double-Bit Axe
10:59 Gold Mining
11:05 Horse Collar
12:48 Fletching
16:14 Bodkin Arrow
17:17 Loom
18:09 Wheelbarrow
22:18 Town Watch
24:29 Padded Archer Armor
27:17 Ballistics
27:35 Bow Saw
30:34 Masonry
30:33 Murder Holes
31:04 Leather Archer Armor
37:34 Imperial Age
35:29 Bloodlines
35:54 Thumb Ring
36:06 Husbandry
36:42 Caravan
37:49 Herbal Medicine
39:06 Murder Holes
39:21 Scale Barding Armor
39:27 Forging
39:44 Bracer
40:10 Conscription
39:50 Light Cavalry
40:53 Chain Barding Armor
41:04 Parthian Tactics
40:36 Elite Mangudai
43:17 Hand Cart
43:57 Iron Casting
Connection lost

Rejoining the realm…

Still unreachable

The connection could not be restored.

Session expired

The server has moved on; the page needs a fresh start.